Map: Orbital Shipyard

Players

LilDicky - Winner!

  • Race: Terran Terran
  • League: Diamond

Raynors

  • Race: Protoss Protoss
  • League: Platinum

VOD

http://www.twitch.tv/tumescentpie

Description

Time

  • Played on: Nov. 26, 2015, 1:58 p.m.
  • Length: 5:35
Show
View Real Time Build Order
Export as new Build Order

LilDicky Terran - Winner!

Build Orders: MMM Bio 

Get SALT Encoding   

  12  0:03  SCV  
  13  0:15  SCV  
  13  0:19  Supply Depot  
  14  0:27  SCV  
  15  0:33  Refinery  
  15  0:41  SCV  
  16  0:45  Barracks  
  16  0:53  SCV  
  17  1:05  SCV  
  18  1:17  SCV  
  20  1:33  Supply Depot, Marine  
  20  1:35  Orbital Command  
  20  1:39  Factory  
  20  1:55  Marine  
  20  1:58  Barracks  
  21  2:03  Barracks  
  21  2:07  SCV  
  22  2:14  Refinery  
  22  2:21  SCV  
  23  2:31  Barracks Reactor  
  23  2:33  SCV  
  24  2:42  Supply Depot  
  24  2:43  Widow Mine  
  26  2:46  Barracks Tech Lab  
  26  2:52  Barracks Tech Lab  
  26  3:11  Stimpack  
  26  3:12  Widow Mine  
  27  3:13  Marine x2  
  29  3:26  SCV  
  30  3:27  Combat Shields  
  30  3:28  Marine x2  
  30  3:32  Marine  
  33  3:37  Engineering Bay  
  33  3:38  SCV  
  33  3:39  Supply Depot  
  33  3:41  Marine  
  35  3:52  Widow Mine  
  35  3:54  Marine  
  35  3:55  Marine  
  39  4:33  Marine  
  39  4:34  Marauder x2, Marine  
  45  4:49  SCV  
  45  4:51  Supply Depot, Missile Turret, Marine  
  47  5:07  Marine  
  46  5:10  Marine  
  46  5:11  Marauder  
Show
View Real Time Build Order
Export as new Build Order

Raynors Protoss 

Build Orders:  

Get SALT Encoding   

  12  0:04  Probe (Chrono Boost)  
  13  0:16  Pylon  
  13  0:19  Probe (Chrono Boost)  
  14  0:29  Probe (Chrono Boost)  
  15  0:40  Probe (Chrono Boost)  
  15  0:41  Gateway  
  16  0:50  Assimilator  
  16  0:51  Probe (Chrono Boost)  
  17  1:01  Probe (Chrono Boost)  
  18  1:06  Pylon  
  18  1:12  Probe (Chrono Boost)  
  19  1:22  Probe (Chrono Boost)  
  20  1:31  Cybernetics Core  
  20  1:33  Probe (Chrono Boost)  
  21  1:43  Probe (Chrono Boost)  
  22  1:54  Probe (Chrono Boost), Pylon  
  23  1:59  Assimilator  
  23  2:04  Probe (Chrono Boost)  
  24  2:11  Warp Gate (Chrono Boost)  
  26  2:15  Mothership Core (Chrono Boost)  
  26  2:27  Gateway  
  26  2:28  Gateway  
  26  2:31  Gateway  
  26  2:43  Pylon  
  26  2:46  Robotics Facility  
  26  3:06  Probe  
  25  3:49  Warp Prism (Chrono Boost)  
  21  4:55  Adept x3  
Tags
 
Add a new tag
Caveats
  • Supply blocks, unpowered buildings, or Contaminate may cause inaccurate times.
  • Supply counts are checked every 10 seconds.